 Dungeon Crawl Stone Soup version 0.27-a0-75-g9f9dfd16e9 (webtiles) character file.

Game seed: 10437006817360768779

28 knot the Chopper (level 3, 27/43 HPs)
             Began as a Demonspawn Berserker on Jan 13, 2021.
             Was a Follower of Trog.
             Quit the game on level 1 of the Dungeon.
             The game lasted 00:00:38 (611 turns).

knot the Chopper (Demonspawn Berserker)              Turns: 611, Time: 00:00:38

Health: 27/43      AC:  2    Str: 17    XL:     3   Next: 0%
Magic:  1/3        EV: 12    Int:  9    God:    Trog [*.....]
Gold:   0          SH:  0    Dex: 12    Spells: 2/2 levels left

rFire    . . .     SeeInvis .   a - +0 hand axe
rCold    . . .     Faith    .   (no shield)
rNeg     . . .     Spirit   +   b - +0 animal skin
rPois    .         Reflect  .   (no helmet)
rElec    .         Harm     .   (no cloak)
rCorr    .         Rampage  .   (no gloves)
Will     .....                  (no boots)
Stlth    ..........             (no amulet)
HPRegen  0.14/turn              (no ring)
MPRegen  0.08/turn              (no ring)

@: berserking (expiring), very quick
A: spiny 1, magic shield
a: Renounce Religion, Berserk


You were on level 1 of the Dungeon.
You worshipped Trog.
Trog was aware of your devotion.
You visited 1 branch of the dungeon, and saw 1 of its levels.

Inventory:

Hand Weapons
 a - a +0 hand axe (weapon)
Missiles
 d - 28 stones
 f - 3 atropa-tipped darts
Armour
 b - a +0 animal skin (worn)
Scrolls
 c - a scroll of identify {unknown}
 g - 3 scrolls of enchant armour {unknown}
Potions
 e - 2 potions of brilliance {unknown}


   Skills:
 - Level 3.0 Fighting
 + Level 3.8 Axes
 - Level 1.7 Armour
 - Level 1.7 Dodging


You had 2 spell levels left.
You didn't know any spells.
Your spell library was empty.

Dungeon Overview and Level Annotations

Branches:
Dungeon (1/15)

Altars:


Innate Abilities, Weirdness & Mutations

You are partially covered in sharp spines.
When hurt, damage is shared between your health and your magic reserves.


Message History

Trog accepts your kill. The goblin barely misses you.
The bat hits you but does no damage.
You hit the goblin.
You kill the goblin!
Trog accepts your kill.
You hit the bat.
You kill the bat!
Trog accepts your kill.
You hit the frilled lizard.
You kill the frilled lizard!
Trog accepts your kill.
You slash the goblin!
You kill the goblin!
Trog accepts your kill.
You have reached level 3!
Your experience leads to an increase in your attributes!
Increase (S)trength, (I)ntelligence, or (D)exterity?
You feel clever.
Your demonic ancestry asserts itself...
Sharp spines emerge from parts of your body.
Are you sure you want to abandon this character and quit the game? (Confirm with "yes".)

.# #####†#
...#### ...#.#
.).....
####.#.##
.......##
#.......#
.....[..##
#.#####.#
.........###.#
#.#
.............#
#.#
......†..###.#
#.# ......)@##
#.# #.#
......)## #..
>.# ....##.
.... ### ...
.. #.#.# ..
).. .#... ..#.
#.## ..#.. ..#
##


There were no monsters in sight!

Vanquished Creatures
  A gnoll (D:1)
  A giant cockroach (D:1)
  4 goblins (D:1)
  3 jackals (D:1)
  4 bats (D:1)
  2 frilled lizards (D:1)
  3 rats (D:1)
18 creatures vanquished.

Notes
Turn   | Place    | Note
-------+----------+-------------------------------------------
     0 | D:1      | knot the Demonspawn Berserker began the quest for the Orb.
     0 | D:1      | Reached XP level 1. HP: 18/18 MP: 1/1
   204 | D:1      | Gained mutation: When hurt, damage is shared between your
                  | health and your magic reserves. [demonic ancestry]
   204 | D:1      | Reached XP level 2. HP: 24/24 MP: 2/2
   611 | D:1      | Gained mutation: You are partially covered in sharp spines.
                  | [demonic ancestry]
   611 | D:1      | Reached XP level 3. HP: 27/29 MP: 1/3
   611 | D:1      | Quit the game

Illustrated notes

Levels and vault maps discovered:
D:1:      dpeg_arrival_ratfight, layout_loops_ring

Skill      XL: |  1 |
---------------+----+-----
Axes           | 3 |  3.8
Fighting       | |  3.0
Armour         | |  1.7
Dodging        | |  1.7

Action                   || total
-------------------------++-------
Melee: Hand axe          ||    62
Invok: Berserk           ||     2
Armor: Animal skin       ||    21
Dodge: Dodged            ||    56

Table legend: (Time is in decaauts)
 A = Elapsed time spent in this place.
 B = Non-inter-level travel time spent in this place.
 C = Inter-level travel time spent in this place.
 D = Time resting spent in this place.
 E = Time spent auto-exploring this place.
 F = Levels seen in this place.
 G = Mean time per level.
                   A        B        C        D        E       F      G
               +--------+--------+--------+--------+--------+-----+--------+
         Total |    632 |    632 |      0 |    325 |    199 |   1 |  632.0 |
       Dungeon |    632 |    632 |      0 |    325 |    199 |   1 |  632.0 |
               +--------+--------+--------+--------+--------+-----+--------+

Top non-repeatable levels by time:
     D:1: 632 daAuts
